 Dungeon Crawl Stone Soup version 0.19.5 (webtiles) character file.

10129 Azzok the Fighter (level 11, -4/108 HPs)
             Began as a Minotaur Fighter on July 20, 2017.
             Was a High Priest of Okawaru.
             Slain by Snorg (12 damage)
             ... on level 10 of the Dungeon.
             The game lasted 00:21:03 (10245 turns).

Azzok the Fighter (Minotaur Fighter)               Turns: 10245, Time: 00:21:03

Health: -4/108     AC: 17    Str: 20    XL:     11   Next: 32%
Magic:  0/17       EV: 12    Int:  5    God:    Okawaru [*****.]
Gold:   91         SH: 14    Dex: 14    Spells: 0 memorised, 10 levels left

rFire  . . .     SeeInvis .     K - +2 short sword (venom)
rCold  . . .     Gourm    .     D - quicksilver dragon scales
rNeg   . . .     Faith    .     c - +0 shield
rPois  .         Spirit   +     A - +1 hat {Spirit}
rElec  .         Reflect  +     O - +1 cloak
rCorr  .         Harm     .     q - +0 pair of gloves
MR     ++...                    (no boots)
Stlth  ++........               G - amulet "Athiagots" {Reflect MR+ Slay+3 SH+3}
                                (no ring)
                                (no ring)

@: heroism
A: retaliatory headbutt, horns 2
a: Heroism, Finesse, Renounce Religion


You were on level 10 of the Dungeon.
You worshipped Okawaru.
Okawaru was extremely pleased with you.
You were not hungry.

You visited 2 branches of the dungeon, and saw 11 of its levels.

You collected 516 gold pieces.
You spent 425 gold pieces at shops.

Inventory:

Hand Weapons
 t - a +0 longbow
 J - the +9 hand axe of Benevolence {pain, rElec MR+ Str+7 Dex-3, unknown}
   (You bought it in a shop on level 9 of the Dungeon)

   In the hands of one skilled in necromantic magic, it inflicts extra damage on
   living creatures.
   It affects your strength (+7).
   It affects your dexterity (-3).
   It insulates you from electricity.
   It affects your resistance to hostile enchantments.
 K - a +2 short sword of venom (weapon)
 M - a +0 whip of flaming
 P - the +6 quarterstaff "Sumuz" {freeze, Str+9, unknown}
   (Okawaru gifted it to you on level 10 of the Dungeon)

   It has been specially enchanted to freeze those struck by it, causing extra
   injury to most foes and up to half again as much damage against particularly
   susceptible opponents.
   It can also slow down cold-blooded creatures.
   It affects your strength (+9).
Missiles
 m - 218 arrows
Armour
 c - a +0 shield (worn)
 q - a +0 pair of gloves (worn)
 A - a +1 hat of spirit shield (worn)
 D - quicksilver dragon scales (worn)
 O - a +1 cloak (worn)
Jewellery
 G - the amulet "Athiagots" (around neck) {Reflect MR+ Slay+3 SH+3}
   (You found it on level 6 of the Dungeon)

   [amulet of reflection]

   It shields you and reflects attacks.
   It affects your accuracy and damage with ranged weapons and melee attacks
   (+3).
   It affects your resistance to hostile enchantments.
   It affects your SH (+3).
Wands
 a - a wand of enslavement (7/24)
 r - a wand of slowing (13/48)
 y - a wand of enslavement (14/24)
 E - a wand of paralysis (10/24)
 L - a wand of iceblast (9/15)
Scrolls
 e - a scroll of magic mapping
 k - 4 scrolls of teleportation
 l - 4 scrolls of enchant weapon
 n - a scroll of enchant armour {unknown}
 o - 5 scrolls of amnesia {unknown}
 p - 2 scrolls of fear
 w - 2 scrolls of blinking {unknown}
 x - 2 scrolls of remove curse
 z - a scroll of recharging {unknown}
Potions
 d - a potion of might
 g - 2 potions of magic {unknown}
 h - a potion of flight {unknown}
 j - 4 potions of curing
 v - 4 potions of haste {unknown}
 B - a potion of heal wounds {unknown}
 C - a potion of degeneration {unknown}
 H - a potion of ambrosia {unknown}
 I - a potion of cancellation {unknown}
Books
 F - a book of Maledictions

   Spells                             Type                      Level
   a - Corona                         Hexes                        1
   b - Ensorcelled Hibernation        Hexes/Ice                    2
   c - Confuse                        Hexes                        3
   d - Tukima's Dance                 Hexes                        3
   e - Dazzling Spray                 Conjuration/Hexes            3
 N - a book of Cantrips

   Spells                             Type                      Level
   a - Confusing Touch                Hexes                        1
   b - Animate Skeleton               Necromancy                   1
   c - Summon Small Mammal            Summoning                    1
   d - Apportation                    Translocation                1
Comestibles
 b - 8 beef jerkies
 f - 10 bread rations {@e1}
 i - 9 royal jellies
 s - 4 meat rations {@e2}
 u - a fruit


   Skills:
 + Level 13.8(18.8) Fighting
   Level 2.4(7.4) Long Blades
 + Level 10.5(15.5) Bows
 - Level 3.6(8.6) Armour
 - Level 3.6(8.6) Shields
 + Level 9.5 Invocations


You had 10 spell levels left.
You didn't know any spells.

Dungeon Overview and Level Annotations

Branches:
Dungeon (10/15)            Temple (1/1) D:4            Lair (0/6) D:10
    Orc: D:9-12

Altars:
Cheibriados
Dithmenos
Elyvilon
Fedhas
Gozag
Hepliaklqana
Kikubaaqudgha
Makhleb
Nemelex Xobeh
Okawaru
Qazlal
Ru
Sif Muna
Trog
Uskayaw
Vehumet
Xom
Yredelemnul
Zin
The Shining One

Shops:
D:7 }   D:9 (**(*(}

Annotations:
D:10 Snorg


Innate Abilities, Weirdness & Mutations

You reflexively headbutt those who attack you in melee.
You have a pair of horns on your head.


Message History

Snorg bites you but does no damage. You block Snorg's attack. Snorg claws you.
* * * LOW HITPOINT WARNING * * *
You take 4 damage, and have 22/108 hp.
Okay, then.
You don't have enough magic at the moment.
You hit Snorg.
Snorg looks as sick as possible!
Snorg is severely wounded.
Snorg bites you!
* * * LOW MAGIC WARNING * * *;
* * * LOW HITPOINT WARNING * * *
Snorg claws you but does no damage. Snorg misses you.
You take 14 damage, and have 8/108 hp.
You now have 1/17 mp.
You hit Snorg.
Snorg looks as sick as possible!
Snorg is almost dead.
You block Snorg's attack. Snorg claws you but does no damage.
You block Snorg's attack.
You puncture Snorg! You headbutt Snorg!
Snorg is almost dead.
You block Snorg's attack. Snorg claws you!
* * * LOW MAGIC WARNING * * *
You die...

▒
▒▒▒▒▒╬▒▒▒
▒···$···▒
╬····"··▒
▒·······▒
▒····T··▒
▒···@···▒
▒·······▒
▒·······▒
▒▒'▒▒▒▒▒▒
▒·▒ ▒·▒
▒·▒▒▒
▒···▒
▒▒▒'▒▒▒▒▒▒


You could see Snorg (berserk).

Vanquished Creatures
  Gastronok (D:9)
  A hill giant (D:9)
  Pikel (D:7)
  Maurice (D:9)
  Joseph (D:10)
  A hornet (D:9)
  A hippogriff (D:8)
  13 yaks
  2 hungry ghosts (D:10)
  2 soldier ants (D:9)
  A water moccasin (D:9)
  3 ice beasts
  2 orc warriors
  4 sky beasts
  2 black bears
  A slave (D:7)
  3 phantoms
  6 ogres
  3 centaurs
  2 crocodiles (D:10)
  3 big kobolds
  5 bullfrogs
  5 killer bees (D:9)
  3 howler monkeys
  A quasit (D:10)
  4 crimson imps
  A jelly (D:5)
  An orc priest (D:7)
  Crazy Yiuf (D:2)
  A hound (D:4)
  4 orc wizards
  2 bullfrog skeletons
  A centaur skeleton (D:4)
  Ijyb (D:2)
  3 iguanas
  Natasha (twice) (D:2)
  7 worker ants
  A hound skeleton (D:4)
  2 worker ant zombies
  5 gnolls
  12 adders
  A river rat (D:10)
  A shadow imp (D:6)
  An adder zombie (D:5)
  6 worms
  2 dart slugs
  8 leopard geckos
  16 orcs
  A ball python (D:2)
  11 bats
  5 giant cockroaches
  15 goblins
  6 hobgoblins
  10 jackals
  5 quokkas
  4 frilled lizards
  15 kobolds
  A leopard gecko skeleton (D:7)
  A quokka skeleton (D:6)
  6 rats
231 creatures vanquished.

Vanquished Creatures (others)
  A centaur (D:8)
  6 fungi (D:10)
  6 plants (D:10)
13 creatures vanquished.

Grand Total: 244 creatures vanquished

Notes
Turn   | Place    | Note
-------+----------+-------------------------------------------
     0 | D:1      | Azzok the Minotaur Fighter began the quest for the Orb.
     0 | D:1      | Reached XP level 1. HP: 19/19 MP: 0/0
   204 | D:1      | Reached skill level 4 in Fighting
   230 | D:1      | Reached XP level 2. HP: 27/27 MP: 1/1
   711 | D:2      | Reached skill level 5 in Fighting
   742 | D:2      | Reached XP level 3. HP: 34/36 MP: 2/2
   764 | D:2      | Noticed Natasha
   773 | D:2      | Killed Natasha
  1138 | D:2      | Noticed Natasha
  1148 | D:2      | Killed Natasha
  1148 | D:2      | Reached skill level 6 in Fighting
  1148 | D:2      | Reached XP level 4. HP: 24/44 MP: 3/3
  1401 | D:2      | Noticed Ijyb
  1412 | D:2      | Killed Ijyb
  1599 | D:2      | Found a runed door.
  1603 | D:2      | Noticed Crazy Yiuf
  1608 | D:2      | Killed Crazy Yiuf
  1608 | D:2      | Reached skill level 7 in Fighting
  1608 | D:2      | Reached XP level 5. HP: 51/52 MP: 4/4
  2496 | D:4      | Found a glowing silver altar of Zin.
  2515 | D:4      | Reached skill level 8 in Fighting
  2602 | D:4      | Reached XP level 6. HP: 61/61 MP: 5/5
  2680 | D:4      | Reached skill level 1 in Bows
  2911 | D:4      | Found a staircase to the Ecumenical Temple.
  2924 | Temple   | Entered the Ecumenical Temple
  3111 | Temple   | Became a worshipper of Warmaster Okawaru
  3184 | D:4      | Found a hazy altar of Hepliaklqana.
  3373 | D:4      | Reached skill level 1 in Invocations
  3376 | D:4      | Reached XP level 7. HP: 60/69 MP: 6/6
  3559 | D:5      | Entered Level 5 of the Dungeon
  3654 | D:5      | Found a blossoming altar of Fedhas.
  3698 | D:5      | Reached skill level 9 in Fighting
  3961 | D:5      | Reached * piety under Okawaru
  4109 | D:5      | Found a basalt altar of Yredelemnul.
  4540 | D:5      | Found a shimmering altar of Xom.
  4547 | D:5      | Reached XP level 8. HP: 78/78 MP: 9/9
  4954 | D:6      | Reached skill level 5 in Bows
  5046 | D:6      | Reached ** piety under Okawaru
  5046 | D:6      | Reached skill level 10 in Fighting
  5071 | D:6      | Got a smoking graven amulet
  5409 | D:6      | Reached skill level 5 in Invocations
  5562 | D:6      | Reached XP level 9. HP: 68/86 MP: 10/12
  5567 | D:6      | Reached *** piety under Okawaru
  5587 | D:6      | Reached skill level 11 in Fighting
  6879 | D:7      | Noticed Pikel
  6903 | D:7      | Killed Pikel
  6903 | D:7      | Reached **** piety under Okawaru
  6903 | D:7      | Received a gift from Okawaru
  7021 | D:7      | Found Soptanul's Quality Used Wands.
  7225 | D:8      | Reached XP level 10. HP: 83/97 MP: 14/14
  7306 | D:8      | Reached skill level 12 in Fighting
  7728 | D:8      | Identified the amulet "Athiagots" {Reflect MR+ Slay+3 SH+3} (You found it on level 6 of the Dungeon)
  7976 | D:9      | Found Qelim's Gadget Emporium.
  8033 | D:9      | Found an opulent altar of Gozag.
  8099 | D:9      | Found Fabusim's Weapon Shoppe.
  8102 | D:9      | Bought a +0 longbow for 63 gold pieces
  8496 | D:9      | Found Qugu's General Store.
  8505 | D:9      | Bought a scroll of remove curse for 42 gold pieces
  8505 | D:9      | Bought a scroll of noise for 14 gold pieces
  8525 | D:9      | Noticed a hill giant
  8541 | D:9      | Killed a hill giant
  8547 | D:9      | Found Cukony's Antique Weapon Shop.
  8654 | D:9      | Reached ***** piety under Okawaru
  8665 | D:9      | Found Nenkasabb's General Store.
  8669 | D:9      | Noticed Gastronok
  8720 | D:9      | Killed Gastronok
  8720 | D:9      | Reached skill level 13 in Fighting
  8720 | D:9      | Reached skill level 10 in Bows
  8987 | D:9      | Bought a potion of curing for 42 gold pieces
  9002 | D:9      | Bought a dazzling hand axe for 264 gold pieces
  9065 | D:9      | Noticed Maurice
  9105 | D:9      | Found Muurcheyxt's Antique Weapon Shoppe.
  9105 | D:9      | Killed Maurice
  9105 | D:9      | Reached XP level 11. HP: 105/107 MP: 16/16
  9207 | D:9      | Found Gozag's Platinum Reserve.
  9482 | D:10     | Entered Level 10 of the Dungeon
  9491 | D:10     | Noticed Joseph
  9501 | D:10     | Killed Joseph
  9814 | D:10     | Received a gift from Okawaru
  9831 | D:10     | Got a transparent quarterstaff {god gift}
 10072 | D:10     | Found a staircase to the Lair.
 10227 | D:10     | Noticed Snorg
 10245 | D:10     | Slain by Snorg

Skill      XL: |  1  2  3  4  5  6  7  8  9 10 |
---------------+-------------------------------+-----
Fighting       | 4 5 6 7 8 9 10 11 13 | 13.8
Bows           | 2 4 6 8 10 | 10.5
Invocations    | 1 3 5 7 9 |  9.5
Long Blades    | |  2.4
Armour         | |  3.6
Shields        | |  3.6

Action                   |  1- 3 |  4- 6 |  7- 9 | 10-12 || total
-------------------------+-------+-------+-------+-------++-------
Melee: Long sword        |   100 |   162 |   252 |       ||   514
       Headbutt          |    11 |    33 |    81 |    88 ||   213
       Short sword       |       |       |    69 |   324 ||   393
Invok: Heroism           |       |       |     1 |     2 ||     3
  Use: Scroll            |       |       |     2 |     6 ||     8
  Eat: Chunk             |     1 |    19 |    17 |     6 ||    43
       Fruit             |       |       |       |     1 ||     1
Armor: Scale mail        |    17 |       |       |       ||    17
       Chain mail        |    43 |    83 |       |       ||   126
       Quicksilver drago |       |     6 |   139 |   106 ||   251
       Plate armour      |       |       |       |    13 ||    13
Dodge: Dodged            |    22 |    47 |    94 |    72 ||   235
Block: Shield            |    63 |    88 |   151 |   183 ||   485
       Reflection        |       |       |       |     4 ||     4
       Rpst.: Long sword |     7 |    11 |    23 |       ||    41
